 Dungeon Crawl Stone Soup version 0.31.0-1-g2c135a008e (webtiles) character file.

Game seed: 11498208019022866831

70 qw the Shooter (level 4, 0/35 HPs)
             Began as a Djinni Hunter on Jan 23, 2024.
             Slain by an orc wizard
             ... wielding a +0 dagger
              (3 damage)
             ... on level 2 of the Dungeon.
             The game lasted 00:00:05 (1886 turns).

qw the Shooter (Djinni Hunter)                      Turns: 1886, Time: 00:00:06

Health: 0/35       AC:  4    Str: 10    XL:     4   Next: 44%
Gold:   60         EV: 12    Int: 10    God:
                   SH:  0    Dex: 19

rFire   + + .        f - +0 orcbow
rCold   x . .        (shield currently unavailable)
rNeg    . . .        c - +1 leather armour
rPois   inf          (no helmet)
rElec   .            (no cloak)
rCorr   .            (no gloves)
SInv    .            (boots unavailable)
Will    .....        (no amulet)
Stlth   ++           (no ring)
HPRegen 0.25/turn    (no ring)
MPRegen 0.00/turn

%: infuse magic (-1 HP)
@: flying
A: sickness immunity, fire resistance 2, cold vulnerability 1, float, innate
caster, HP casting, extra vitality 1
a: no special abilities


You were on level 2 of the Dungeon.
You visited 1 branch of the dungeon, and saw 3 of its levels.

You collected 60 gold pieces.


Innate Abilities, Weirdness & Mutations

You are immune to sickness and miasma.
You are immune to poison.
Your flesh is very heat resistant. (rF++)
You are vulnerable to cold. (rC-)
You float through the air rather than walking.
You learn spells naturally, not from books.
Your magical power is your life essence.
You have superior vitality. (+4 MHP)


   Skills:
 - Level 3.0 Fighting
 - Level 4.0 Ranged Weapons
 + Level 2.8 Dodging
 - Level 0.7 Stealth


You knew the following spells:

 Your Spells              Type           Power      Damage    Failure   Level
a - Necrotise             Necr           0%         1d4       45%         1
Your spell library was empty.

Inventory:

Hand Weapons
 f - a +0 orcbow (weapon)
Armour
 c - a +1 leather armour (worn)
Wands
 j - a wand of paralysis (6)
Potions
 a - a potion of curing
 d - a potion of might
 e - a potion of haste {unknown}
 g - a potion of degeneration {unknown}
 i - a potion of resistance {unknown}

Dungeon Overview and Level Annotations

Branches:
Dungeon (3/15)

Altars:


Message History

1876 ||| STAIRDANCE The orc priest shouts!
The orc priest barely misses you.
You fly upwards.
There is a stone staircase leading down here.
You shoot an arrow. The arrow hits the orc!
You kill the orc!
Done exploring.
What level of the Dungeon? (default 3, ? - help)
You fly downwards.
An orc comes into view. It is wielding a +0 flail.
The orc hits you with a +0 mace. The orc hits you with a +0 whip.
There is a stone staircase leading up here.
1881 ||| STAIRDANCE The orc wizard hits you with a +0 dagger.
The orc barely misses you. The orc hits you with a +0 mace.
The orc hits you with a +0 short sword.
You fly upwards.
There is a stone staircase leading down here.
You shoot an arrow. The arrow barely misses the orc wizard.
The orc closely misses you. The orc hits you with a +0 mace.
The orc barely misses you.
The orc wizard hits you but does no damage.
You shoot an arrow.
The arrow hits the orc wizard but does no damage.
The orc closely misses you. x2
The orc wizard hits you with a +0 dagger.
The orc hits you with a +0 short sword. The orc hits you with a +0 whip.
The orc wizard hits you with a +0 dagger.
The orc closely misses you. The orc hits you with a +0 short sword.
You shoot an arrow. The arrow barely misses the orc wizard.
The orc closely misses you. The orc hits you with a +0 mace.
The orc hits you with a +0 short sword.
The orc wizard gestures wildly while chanting.
The orc wizard flickers and vanishes!
Deactivating autopickup; reactivate with Ctrl-A.
You shoot an arrow. The arrow completely misses the orc.
The orc barely misses you. The orc closely misses you. The orc misses you.
Something hits you.
You die...

##.#.#####.###.# #.# #....#.
##)............# #.# #..#.#.
.....#####.###.## #.# #..#.#.
##...^........#.# #.# #..#.#.
#############..#######.####...#..
######### #..# #...........###.
####.#### #..# #.########.#.#.#
......### #..###.########.##.##
####.########..o@o...).........##
####...........o.{....>##########
#############......##### #
######### ######## #########
######### #########


You could see 3 orcs.

Vanquished Creatures
  3 adders (D:2)
  2 ribbon worms (D:2)
  An orc (D:2)
  3 ball pythons
  3 bats
  An endoplasm (D:1)
  3 giant cockroaches
  5 goblins
  A hobgoblin (D:1)
  5 quokkas
  2 frilled lizards
  5 rats
34 creatures vanquished.

Notes
Turn   | Place    | Note
-------+----------+-------------------------------------------
     0 | D:1      | qw the Djinni Hunter began the quest for the Orb.
     0 | D:1      | Reached XP level 1. HP: 18/18 MP: 0/0
     0 | D:1      | 0 ||| qw: Version: 0.3-a-136-gdd3b4e8
     0 | D:1      | 0 ||| qw: Game counter: 1063
     0 | D:1      | 0 ||| qw: Melee chars always use a shield: true
     0 | D:1      | 0 ||| qw: God list: Okawaru
     0 | D:1      | 0 ||| qw: Allow faded altars: false
     0 | D:1      | 0 ||| qw: Do Orc after clearing Dungeon:15 true
     0 | D:1      | 0 ||| qw: Do second Lair branch before Depths: true
     0 | D:1      | 0 ||| qw: Lair rune preference: random
     0 | D:1      | 0 ||| qw: Goals: Normal
     0 | D:1      | 0 ||| PLANNING D:1-11
     8 | D:1      | Found a faded altar of an unknown god.
   151 | D:1      | Reached XP level 2. HP: 23/23 MP: 0/0
   274 | D:1      | 274 ||| SWAPPING to +0 orcbow.
   277 | D:1      | 277 ||| DROPPING +0 shortbow.
   998 | D:1      | 998 ||| READING scroll labelled FOWIYT KUFRO.
   999 | D:1      | 999 ||| DROPPING scroll of butterflies.
  1025 | D:2      | 1025 ||| STAIRDANCE
  1030 | D:2      | 1030 ||| STAIRDANCE
  1117 | D:2      | Reached skill level 4 in Ranged Weapons
  1117 | D:2      | Reached XP level 3. HP: 26/28 MP: 0/0
  1117 | D:2      | Learned a level 1 spell: Necrotise
  1385 | D:2      | Reached skill level 3 in Fighting
  1385 | D:2      | Reached XP level 4. HP: 35/35 MP: 0/0
  1753 | D:2      | 1753 ||| READING 2 scrolls labelled GOLEAT XEHYITAICOI.
  1753 | D:2      | 1753 ||| IDENTIFYING glowing amethyst potion
  1754 | D:2      | 1754 ||| READING scroll of identify.
  1754 | D:2      | 1754 ||| IDENTIFYING fizzy yellow potion
  1755 | D:2      | 1755 ||| READING scroll labelled UDOTIPRUNA.
  1856 | D:2      | 1856 ||| READING scroll labelled NUROUNUGGI.
  1856 | D:2      | 1856 ||| ENCHANTING +0 leather armour.
  1857 | D:2      | 1857 ||| READING scroll labelled JUFONU MUST.
  1876 | D:3      | 1876 ||| STAIRDANCE
  1881 | D:3      | 1881 ||| STAIRDANCE
  1885 | D:2      | HP: 5/35 [orc/+0 mace (6)]
  1886 | D:2      | Slain by an orc wizard

Levels and vault maps discovered:
D:1:      mrwooster_arrival_statue_3, layout_basic, basic_ecumenical_altar
D:2:      layout_loops_ring
D:3:      layout_rooms, hangedman_decor_clover_reticule,
          kennysheep_generic_room_11, uniq_jessica, uniq_terence

Skill      XL: |  1  2  3 |
---------------+----------+-----
Ranged Weapons | 4 |  4.0
Fighting       | 3 |  3.0
Dodging        | |  2.8
Stealth        | |  0.7

Action                     |  1- 3 |  4- 6 || total
---------------------------+-------+-------++-------
   Fire: Shortbow          |    19 |       ||    19
         Orcbow            |    56 |    33 ||    89
    Use: Scroll            |     1 |     5 ||     6
 Armour: Leather armour    |    31 |    22 ||    53
  Dodge: Dodged            |    36 |    20 ||    56

Table legend:
 A = Non-vault XP
 B = Vault XP
 C = Vault XP percentage of total XP
 D = Non-vault monster count
 E = Vault monster count
 F = Vault count percentage of total count
                 A         B        C        D         E       F
            +---------+---------+-------+---------+---------+-------
      Total |     100 |       0 |   0.0 |      34 |       0 |   0.0
            +---------+---------+-------+---------+---------+-------
        D:1 |      28 |       0 |   0.0 |      16 |       0 |   0.0
        D:2 |      72 |       0 |   0.0 |      18 |       0 |   0.0
            +---------+---------+-------+---------+---------+-------
